 Dungeon Crawl Stone Soup version 0.30-a0-719-gcc4359ea44 (webtiles) character file.

Game seed: 7119620224004959623

8325 Chiseanne the Thaumaturge (level 11, 60/78 HPs)
             Began as a Demonspawn Hedge Wizard on Jan 26, 2023.
             Was a Priest of Vehumet.
             Quit the game on level 10 of the Dungeon.
             The game lasted 00:38:42 (12484 turns).

Chiseanne the Thaumaturge (DsHW)                   Turns: 12484, Time: 00:38:43

Health: 60/78      AC: 10    Str: 12    XL:     11   Next: 8%
Magic:  3/25       EV: 12    Int: 33    God:    Vehumet [***...]
Gold:   594        SH:  6    Dex: 15    Spells: 11/30 levels left

rFire   . . .      SeeInvis .    s - +6 dagger "Wenkexug" {heavy, rC+ rN+++ Str+2 Dex+2}
rCold   + . .      Faith    +    C - +1 buckler
rNeg    + + +      Spirit   .    I - +0 steam dragon scales
rPois   .          Reflect  .    c - +2 hat
rElec   .          Harm     .    (no cloak)
rCorr   +          Rampage  .    G - +0 pair of gloves
Will    .....                    (no boots)
Stlth   ++                       l - amulet "Seblodd" {Faith Will- Regen+ rCorr Int+7}
HPRegen 1.13/turn                B - ring of wizardry
MPRegen 0.19/turn                x - +6 ring of intelligence

@: radiating poison
A: antennae 1, rugged brown scales 2, demonic guardian 1, foul stench 1
a: Renounce Religion


You were on level 10 of the Dungeon.
You worshipped Vehumet.
Vehumet was most pleased with you.
You visited 2 branches of the dungeon, and saw 11 of its levels.
You also visited: Bailey.

You collected 594 gold pieces.

Inventory:

Hand Weapons
 a - a +1 dagger of venom
 j - a +1 flail of protection
 s - the +6 dagger "Wenkexug" (weapon) {heavy, rC+ rN+++ Str+2 Dex+2}
   (You found it on level 9 of the Dungeon)

   Str:       It affects your strength (+2).
   Dex:       It affects your dexterity (+2).
   rC:        It protects you from cold.
   rN:        It renders you almost immune to negative energy.
 H - a +4 whip
Missiles
 g - 14 poisoned darts
 r - 10 atropa-tipped darts
 w - 11 boomerangs
 J - 2 curare-tipped darts
 K - a throwing net
Armour
 c - a +2 hat (worn)
 C - a +1 buckler (worn)
 G - a +0 pair of gloves (worn)
 I - +0 steam dragon scales (worn)
 R - the +3 leather armour "Copen" {Rampage rElec Int-4}
   (You found it on level 9 of the Dungeon)

   Int:       It affects your intelligence (-4).
   rElec:     It insulates you from electricity.
   Rampage:   It bestows one free step when moving towards enemies.
 T - a +1 kite shield of positive energy
Magical Staves
 S - a staff of poison
Jewellery
 l - the amulet "Seblodd" (around neck) {Faith Will- Regen+ rCorr Int+7}
   (You found it on level 2 of the Dungeon)

   [amulet of faith]

   It allows you to gain divine favour quickly.
   Int:       It affects your intelligence (+7).
   Regen:     It increases your rate of health regeneration.
   rCorr:     It protects you from acid and corrosion.
   Will:      It decreases your willpower.
 p - a ring of protection from fire
 x - a +6 ring of intelligence (right hand)
 y - an amulet of regeneration
 B - a ring of wizardry (left hand)
 M - a +6 ring of intelligence
 N - a ring of protection from cold
 P - an amulet of guardian spirit
Wands
 b - a wand of paralysis (1)
 z - a wand of flame (4)
 D - a wand of quicksilver (14)
Scrolls
 k - 4 scrolls of teleportation
 o - 3 scrolls of fear
 t - a scroll of immolation
 u - a scroll of poison
 v - a scroll of fog
 F - a scroll of enchant weapon {unknown}
 Q - 2 scrolls of blinking
Potions
 d - 3 potions of heal wounds
 e - 3 potions of curing
 f - 2 potions of flight
 h - a potion of cancellation
 i - a potion of haste
 m - 3 potions of ambrosia
 n - 4 potions of resistance
 q - 3 potions of brilliance
 A - 2 potions of berserk rage
 E - a potion of might
 L - a potion of invisibility
 O - a potion of lignification
Miscellaneous
 U - a tin of tremorstones (2/2)


   Skills:
 - Level 3.3 Fighting
 - Level 1.7 Dodging
 - Level 1.7 Stealth
 - Level 5.0 Shields
 * Level 10.2 Spellcasting
 - Level 7.1 Conjurations
 - Level 1.0 Summonings
 - Level 0.8 Translocations
 - Level 6.0 Air Magic
 - Level 6.6 Poison Magic


You had 11 spell levels left.
You knew the following spells:

 Your Spells              Type           Power      Damage    Failure   Level
a - Magic Dart            Conj           100%       1d8       1%          1
b - Sticky Flame          Conj/Fire      40%        2d6       1%          4
c - Airstrike             Air            27%        2d(4-20)  1%          4
d - Mephitic Cloud        Conj/Pois/Air  57%        N/A       1%          3
e - Olgreb's Toxic Radia  Pois           57%        N/A       1%          4
f - Apportation           Tloc           44%        N/A       1%          1
g - Blink                 Tloc           44%        N/A       1%          2

Your spell library contained the following spells:

 Spells                   Type           Power      Damage    Failure   Level
 Necrotise                Necr           64%        1d7       1%          1
 Shock                    Conj/Air       100%       1d9       1%          1
 Slow                     Hex            64%        N/A       1%          1
 Sting                    Tmut/Pois      100%       1d8       1%          1
 Summon Small Mammal      Summ           92%        N/A       1%          1
 Call Imp                 Summ           23%        N/A       1%          2
 Cigotuvi's Dreadful Rot  Necr/Pois/Air  88%        N/A       1%          2
 Poisonous Vapours        Pois/Air       100%       N/A       1%          2
 Swiftness                Air            54%        N/A       1%          3
 Confusing Touch          Hex            16%        N/A       4%          3
 Vampiric Draining        Necr           16%        2d7       4%          3


Dungeon Overview and Level Annotations

Branches:
Dungeon (10/15)            Temple (0/1) D:5            Lair (0/5) D:10
    Orc (1/2) D:10         Bailey (visited)

Altars:
Gozag
Makhleb
Nemelex Xobeh
Okawaru
Qazlal
Vehumet

Annotations:
D:3 Terence
D:5 1 runed translucent door, Arximoufas's ghost, novice DsWr
D:9 1 runed translucent door, exclusion: ice statue, NoOffense's ghost, novice TrMo
D:10 exclusion: door


Innate Abilities, Weirdness & Mutations

You have a pair of small antennae on your head.
You are mostly covered in rugged brown scales. (AC +2, +5% HP)
A weak demonic guardian rushes to your aid.
You may rarely emit foul miasma when damaged in melee.


Message History

Confirm with . or Enter, or press ? or * to list all spells.
Aiming: Magic Dart (safe; 1% risk of failure)
Press: ? - help, Shift-Dir - straight line, f/p - orc sorcerer
Aim: an orc sorcerer, wielding a +0 dagger and wearing a +0 robe (almost dead, confused, extremely poisoned, 100% to hit)
The magic dart hits the orc sorcerer but does no damage.
The orc sorcerer is almost dead.
The two-headed ogre looks as sick as possible!
Casting: Magic Dart (safe; 1% risk of failure)
Confirm with . or Enter, or press ? or * to list all spells.
Aiming: Magic Dart (safe; 1% risk of failure)
Press: ? - help, Shift-Dir - straight line, f/p - orc sorcerer
Aim: an orc sorcerer, wielding a +0 dagger and wearing a +0 robe (almost dead, confused, extremely poisoned, 100% to hit)
The magic dart hits the orc sorcerer but does no damage.
The orc sorcerer is almost dead.
You kill the orc sorcerer!
Vehumet accepts your kill.
You feel your power returning.
You have reached level 11!
Your demonic ancestry asserts itself...
A pair of antennae grows on your head!
The two-headed ogre hits you with a +0 dire flail!
A demonic guardian appears!
The two-headed ogre hits you with a +0 giant club!
You climb upwards.
Welcome back to the Dungeon!
Level annotation: exclusion: door The two-headed ogre looks as sick as possible!
There is a staircase to the Orcish Mines here.
Casting: Magic Dart (safe; 1% risk of failure)
Confirm with . or Enter, or press ? or * to list all spells.
Aiming: Sticky Flame (dangerous; 1% risk of failure)
Press: ? - help, Shift-Dir - straight line, f - two-headed ogre
Aim: a two-headed ogre, wielding a +0 dire flail and a +0 giant club (almost dead, extremely poisoned)
The sticky flame hits the two-headed ogre!
The two-headed ogre is almost dead.
The two-headed ogre is covered in liquid flames!
You kill the two-headed ogre!
Vehumet accepts your kill.
You feel your power returning.
Your Spellcasting skill increases to level 10!
Are you sure you want to abandon this character and quit the game? (Confirm with "yes".)

....# #..........##.#.........
....######.............#.........
....'...............####.........
....######..........# #.(.......
##### #######.#### #########' ##
#.## ######. .# #..# #...... .#
########)#### #.##### .#
#......@....# ##.##### '#####
#...........# #....... .....#
#.....).....# #.......
.....#####..........<### #.......
.....'..##.............# #.......
.....##..............#.###.<..>..
.....#####........>..#...........
###### #)..........#####.......
############# #.......


There were no monsters in sight!

Vanquished Creatures
  A two-headed ogre (D:10)
  An orc sorcerer (Orc:1)
  A rime drake (D:10)
  A troll (D:9)
  A polar bear (D:10)
  2 hornets
  A slime creature (D:10)
  2 wraiths (D:10)
  3 wyverns
  7 yaks
  A steam dragon (D:8)
  An acid dragon (D:10)
  A water moccasin (D:7)
  2 ice beasts (D:9)
  A black bear (D:7)
  8 orc warriors
  A wolf (D:10)
  2 ogres
  5 centaurs
  A phantom (D:7)
  2 kobold brigands (D:9)
  3 bullfrogs
  A necrophage (D:5)
  2 gnoll sergeants
  A scorpion (D:6)
  8 killer bees
  6 howler monkeys
  2 hounds
  7 orc priests
  4 jellies
  3 iguanas
  7 orc wizards
  11 gnolls
  3 adders
  4 white imps
  2 worms
  2 dart slugs
  41 orcs
  8 endoplasms
  A giant cockroach (D:2)
  6 goblins
  5 hobgoblins
  4 jackals (D:2)
  11 kobolds
  3 quokkas
  5 ball pythons
  7 bats
  A frilled lizard (D:2)
  3 rats
206 creatures vanquished.

Vanquished Creatures (collateral kills)
  A slime creature (D:10)
  A kobold brigand (D:8)
2 creatures vanquished.

Grand Total: 208 creatures vanquished

Notes
Turn   | Place    | Note
-------+----------+-------------------------------------------
     0 | D:1      | Chiseanne the Demonspawn Hedge Wizard began the quest for
                  | the Orb.
     0 | D:1      | Reached XP level 1. HP: 13/13 MP: 4/4
   718 | D:1      | Gained mutation: You are partially covered in rugged brown
                  | scales. (AC +1, +3% HP) [demonic ancestry]
   718 | D:1      | Reached XP level 2. HP: 13/19 MP: 0/6
   802 | D:1      | You fall into a shaft and drop 1 floor!
  1275 | D:1      | Found a faded altar of an unknown god.
  1635 | D:2      | Identified the amulet "Seblodd" {Faith Will- Regen+ rCorr
                  | Int+7}
  1659 | D:2      | Gained mutation: A weak demonic guardian rushes to your
                  | aid. [demonic ancestry]
  1659 | D:2      | Reached XP level 3. HP: 23/24 MP: 2/8
  1662 | D:2      | Learned a level 2 spell: Blink
  1666 | D:2      | Learned a level 3 spell: Mephitic Cloud
  2697 | D:3      | Reached skill level 1 in Air Magic
  2697 | D:3      | Gained mutation: You are mostly covered in rugged brown
                  | scales. (AC +2, +5% HP) [demonic ancestry]
  2697 | D:3      | Reached XP level 4. HP: 16/31 MP: 2/9
  3379 | D:3      | Noticed Terence
  3643 | D:4      | Reached skill level 4 in Spellcasting
  3754 | D:4      | Reached skill level 1 in Fighting
  3754 | D:4      | Reached XP level 5. HP: 32/38 MP: 6/11
  4709 | D:5      | Entered Level 5 of the Dungeon
  4811 | D:5      | Gained mutation: You may rarely emit foul miasma when
                  | damaged in melee. [demonic ancestry]
  4811 | D:5      | Reached XP level 6. HP: 39/46 MP: 3/12
  5067 | D:5      | Learned a level 4 spell: Airstrike
  5519 | D:5      | Found a runed translucent door.
  5558 | D:5      | Noticed Arximoufas's ghost (novice DsWr)
  5640 | D:5      | Found a staircase to the Ecumenical Temple.
  5786 | D:6      | Noticed an ice beast
  6145 | D:5      | Reached XP level 7. HP: 16/53 MP: 8/14
  6262 | D:6      | Reached skill level 5 in Spellcasting
  6888 | D:6      | Found a sparkling altar of Nemelex Xobeh.
  6888 | D:6      | Found a burning altar of Makhleb.
  6896 | D:6      | Found a radiant altar of Vehumet.
  6898 | D:6      | Found an opulent altar of Gozag.
  6899 | D:6      | Found a stormy altar of Qazlal.
  6903 | D:6      | Became a worshipper of Vehumet
  7063 | D:7      | Noticed a hornet
  7072 | D:7      | Killed a hornet
  7073 | D:7      | Reached skill level 1 in Shields
  7073 | D:7      | Reached skill level 5 in Conjurations
  7073 | D:7      | Reached XP level 8. HP: 56/60 MP: 4/16
  7656 | D:7      | Reached skill level 6 in Spellcasting
  7701 | D:7      | Reached * piety under Vehumet
  7701 | D:7      | Offered knowledge of Kiss of Death by Vehumet.
  7810 | D:7      | Learned a level 4 spell: Olgreb's Toxic Radiance
  8116 | D:7      | Reached skill level 1 in Poison Magic
  8269 | D:7      | Reached XP level 9. HP: 67/67 MP: 10/18
  8331 | D:7      | Identified the +4 glaive of the Wilderness {pain, Int+2}
  8549 | D:8      | Reached skill level 5 in Poison Magic
  8797 | D:8      | Reached ** piety under Vehumet
  8797 | D:8      | Offered knowledge of Sandblast by Vehumet.
  9064 | D:8      | Reached skill level 5 in Air Magic
  9773 | D:9      | Found a runed translucent door.
  9774 | D:9      | Noticed NoOffense's ghost (novice TrMo)
  9834 | D:9      | Found a flagged portal.
  9848 | D:9      | Reached XP level 10. HP: 73/73 MP: 5/20
  9891 | Bailey   | Entered a bailey
 10089 | Bailey   | Offered knowledge of Dazzling Flash by Vehumet.
 10092 | Bailey   | Learned a level 1 spell: Apportation
 10222 | Bailey   | Reached *** piety under Vehumet
 10349 | Bailey   | Reached skill level 7 in Spellcasting
 10479 | Bailey   | Identified the +5 plate armour "Ihuzea Rium" {Will- rCorr
                  | Dex+8 Stlth-}
 11050 | D:9      | Noticed an ice statue
 11053 | D:9      | Identified the +3 leather armour "Copen" {Rampage rElec
                  | Int-4}
 11070 | D:9      | Identified the +6 dagger "Wenkexug" {heavy, rC+ rN+++ Str+2
                  | Dex+2} (You found it on level 9 of the Dungeon)
 11410 | D:10     | Entered Level 10 of the Dungeon
 11410 | D:10     | Found a staircase to the Orcish Mines.
 11497 | D:10     | Reached skill level 5 in Shields
 11634 | D:10     | Reached skill level 8 in Spellcasting
 12032 | D:10     | Found a staircase to the Lair.
 12118 | D:10     | Found an iron altar of Okawaru.
 12131 | D:10     | Offered knowledge of Sticky Flame by Vehumet.
 12132 | D:10     | Reached skill level 9 in Spellcasting
 12251 | D:10     | Learned a level 4 spell: Sticky Flame
 12468 | Orc:1    | Entered Level 1 of the Orcish Mines
 12468 | Orc:1    | Noticed an orc sorcerer
 12471 | Orc:1    | Noticed a two-headed ogre
 12477 | Orc:1    | Killed an orc sorcerer
 12478 | Orc:1    | Gained mutation: You have a pair of small antennae on your
                  | head. [demonic ancestry]
 12478 | Orc:1    | Reached XP level 11. HP: 78/78 MP: 4/24
 12480 | D:10     | Killed a two-headed ogre
 12481 | D:10     | Reached skill level 10 in Spellcasting
 12484 | D:10     | Quit the game

Illustrated notes

Levels and vault maps discovered:
D:1:      roderic_octagonal_star, layout_basic,
          dreamdust_ecumenical_altar_angels_and_demons
D:2:      layout_loops_ring
D:3:      layout_loops_corners, uniq_terence
D:4:      layout_loops_corners, kennysheep_cluttered_room, minmay_crystal_room
D:5:      layout_basic, minmay_temple_entry_from_below_a,
          ebering_ghost_reflecting_pool, ebering_dispersal_statue_hall,
          chequers_serial_rivers_micro_e, chequers_serial_rivers_marsh
D:6:      layout_cave_pools, chequers_temple_overflow_minitemple
D:7:      layout_basic
D:8:      layout_basic, nicolae_wwwww, minmay_crossroads
D:9:      layout_cave_pools, enter_bailey_6, gammafunk_ghost_grave,
          minivault_19, minivault_15, grunt_decor_mini_mirrors,
          minmay_fractal_squares_diagonal_5
D:10:     layout_roguey, okawaru_ov_weapons_minmay, hellmonk_lair_entry_icy
Orc:1:    layout_caves, minmay_orc_temple_c

Skill      XL: |  1  2  3  4  5  6  7  8  9 10 11 |
---------------+----------------------------------+-----
Conjurations   | 2 3 4 5 6 7 |  7.1
Air Magic      | 1 2 4 5 6 |  6.0
Spellcasting   | 4 5 6 9 10 | 10.2
Fighting       | 1 2 3 |  3.3
Shields        | 1 3 4 5 |  5.0
Poison Magic   | 3 6 |  6.6
Dodging        | |  1.7
Stealth        | |  1.7
Summonings     | |  1.0
Translocations | |  0.8

Action                     |  1- 3 |  4- 6 |  7- 9 | 10-12 || total
---------------------------+-------+-------+-------+-------++-------
  Melee: Dagger            |    19 |     4 |   176 |    49 ||   248
         Rapier            |       |     2 |     2 |       ||     4
   Cast: Magic Dart        |   100 |   138 |   146 |    56 ||   440
         Mephitic Cloud    |       |       |    22 |    13 ||    35
         Blink             |       |       |     3 |     1 ||     4
         Airstrike         |       |       |     3 |    10 ||    13
         Olgreb's Toxic Ra |       |       |    10 |    28 ||    38
         Apportation       |       |       |       |     8 ||     8
         Sticky Flame      |       |       |       |     1 ||     1
  Evoke: Wand              |       |       |       |    12 ||    12
    Use: Scroll            |     6 |    11 |     7 |     2 ||    26
         Potion            |     2 |       |       |       ||     2
   Stab: Confused          |       |       |     5 |     3 ||     8
         Paralysed         |       |       |       |    12 ||    12
 Armour: Robe              |    12 |    16 |    33 |       ||    61
         Steam dragon scal |       |       |    20 |    31 ||    51
  Dodge: Dodged            |    25 |    30 |   115 |    44 ||   214
  Block: Buckler           |       |       |    24 |    22 ||    46

Table legend: (Time is in decaauts)
 A = Elapsed time spent in this place.
 B = Non-inter-level travel time spent in this place.
 C = Inter-level travel time spent in this place.
 D = Time resting spent in this place.
 E = Time spent auto-exploring this place.
 F = Levels seen in this place.
 G = Mean time per level.
                   A        B        C        D        E       F      G
               +--------+--------+--------+--------+--------+-----+--------+
         Total |  12519 |  12191 |    328 |   3284 |   6198 |  12 | 1043.2 |
       Dungeon |  11859 |  11531 |    328 |   2917 |   6198 |  10 | 1185.9 |
  Orcish Mines |     10 |     10 |      0 |      0 |      0 |   1 |   10.0 |
        Bailey |    649 |    649 |      0 |    367 |      0 |   1 |  649.0 |
               +--------+--------+--------+--------+--------+-----+--------+

Top non-repeatable levels by time:
     D:5: 1632 daAuts
     D:1: 1396 daAuts
     D:9: 1329 daAuts
     D:4: 1307 daAuts
     D:7: 1284 daAuts
     D:2: 1208 daAuts
     D:8: 1133 daAuts
    D:10: 986 daAuts
     D:3: 795 daAuts
     D:6: 784 daAuts
  Bailey: 649 daAuts
   Orc:1: 10 daAuts
